 Dungeon Crawl Stone Soup version 0.27.1 (webtiles) character file.

Game seed: 12861375575450873775

191 Malachi the Chopper (level 5, -1/46 HPs)
             Began as a Hill Orc Monk on Sept 1, 2021.
             Was a Believer of Beogh.
             Killed by divine providence
             ... invoked by an orc priest
              (16 damage)
             ... on level 3 of the Dungeon.
             The game lasted 00:03:53 (2819 turns).

Malachi the Chopper (Hill Orc Monk)                 Turns: 2819, Time: 00:03:54

Health: -1/46      AC: 15    Str: 15    XL:     5   Next: 70%
Magic:  5/5        EV:  7    Int: 10    God:    Beogh [**....]
Gold:   61         SH:  0    Dex: 13    Spells: 4/4 levels left

rFire    . . .     SeeInvis .   b - +2 flail (protect)
rCold    . . .     Faith    .   (no shield)
rNeg     . . .     Spirit   .   c - +0 chain mail
rPois    .         Reflect  .   (no helmet)
rElec    .         Harm     .   (no cloak)
rCorr    .         Rampage  .   (no gloves)
Will     .....                  (no boots)
Stlth    ..........             (no amulet)
HPRegen  0.15/turn              (no ring)
MPRegen  0.09/turn              (no ring)

@: under a protective aura
A: no striking features
a: Renounce Religion, Smiting


You were on level 3 of the Dungeon.
You worshipped Beogh.
Beogh was pleased with you.
You visited 1 branch of the dungeon, and saw 3 of its levels.

You collected 61 gold pieces.

Inventory:

Hand Weapons
 a - a +0 hand axe
 b - a +2 flail of protection (weapon)
Missiles
 h - 19 poisoned darts (quivered)
 o - 2 atropa-tipped darts
 p - 6 boomerangs
Armour
 c - a +0 chain mail (worn)
 e - a +2 robe of willpower
Scrolls
 g - 2 scrolls of identify {unknown}
 i - a scroll of enchant weapon {unknown}
 l - a scroll of summoning {unknown}
 m - a scroll of noise {unknown}
Potions
 d - 2 potions of curing {unknown}
 f - 2 potions of magic {unknown}
 j - a potion of berserk rage {unknown}
 k - a potion of degeneration {unknown}
 n - a potion of might {unknown}


   Skills:
 + Level 4.3 Fighting
 - Level 4.8(5.8) Axes
 * Level 3.9(4.7) Maces & Flails
 + Level 2.8 Dodging
 + Level 2.2 Stealth


You had 4 spell levels left.
You didn't know any spells.
Your spell library was empty.

Dungeon Overview and Level Annotations

Branches:
Dungeon (3/15)

Altars:

Shops:
D:3 !


Message History

You are frozen.
The orc priest hits you but does no damage.
Unknown command.
You hit the orc priest but do no damage.
The orc priest is moderately wounded.
The endoplasm freezes you.
You are frozen.
The orc priest hits you with a +0 flail.
You are too injured to fight recklessly!
Unknown command.
You are too injured to fight recklessly!
Unknown command.
You are too injured to fight recklessly!
You hit the orc priest but do no damage.
The orc priest is moderately wounded.
The endoplasm completely misses you.
The orc priest hits you but does no damage.
You hit the orc priest.
The orc priest is heavily wounded.
The endoplasm freezes you.
You are frozen.
The orc priest hits you but does no damage.
Unknown command.
You hit the orc priest but do no damage.
The orc priest is heavily wounded.
The endoplasm freezes you.
You are frozen.
The orc priest hits you but does no damage.
You hit the orc priest.
The orc priest is almost dead.
The endoplasm hits you but does no damage.
The orc priest barely misses you.
Unknown command.
You completely miss the orc priest.
The orc priest is almost dead.
The endoplasm hits you but does no damage.
The orc priest invokes the aid of Beogh against you.
Beogh smites you!
You die...
Beogh appreciates the orc priest's killing of a heretic priest.

######......##.# ####......##
#.......###.##.# +........
#..............## ###.......#
##......#....[...# #..........
....###'#..#.##..# ..#+#..)))...
.................# ........<##..
.................# #.#.....)#####
.............#...#.#.#......'....
#++.............@....#......#####
#......##...#Jo#.#.#......##...
......'....#......+......##.##
......###.....#.#.#......#
#..#.##.#.######## .... # # #. #.
#. ..


You could see an orc priest and an endoplasm.

Vanquished Creatures
  A bullfrog zombie (D:3)
  2 orc wizards (D:3)
  4 gnolls (D:2)
  2 worms
  9 orcs (D:3)
  5 ball pythons
  An endoplasm (D:2)
  A giant cockroach (D:1)
  6 goblins
  7 hobgoblins
  2 jackals (D:2)
  2 quokkas
  6 bats
  3 frilled lizards (D:1)
  5 kobolds
  2 rats
58 creatures vanquished.

Vanquished Creatures (others)
  An orc priest (D:3)
  An orc wizard (D:3)
  An orc (D:3)
3 creatures vanquished.

Grand Total: 61 creatures vanquished

Notes
Turn   | Place    | Note
-------+----------+-------------------------------------------
     0 | D:1      | Malachi the Hill Orc Monk began the quest for the Orb.
     0 | D:1      | Reached XP level 1. HP: 19/19 MP: 1/1
   236 | D:1      | Reached XP level 2. HP: 17/27 MP: 2/2
  1064 | D:2      | Reached XP level 3. HP: 33/33 MP: 3/3
  1333 | D:2      | Reached skill level 1 in Maces & Flails
  1344 | D:2      | Reached XP level 4. HP: 10/40 MP: 4/4
  2104 | D:3      | Reached XP level 5. HP: 31/46 MP: 5/5
  2584 | D:3      | Became a worshipper of Beogh the Brigand
  2584 | D:3      | Reached * piety under Beogh
  2584 | D:3      | Reached ** piety under Beogh
  2755 | D:3      | Found Yciy's Distillery.
  2819 | D:3      | Killed from afar by an orc priest

Illustrated notes

Levels and vault maps discovered:
D:1:      dpeg_arrival_arbitrary_c, layout_loops_cross, minmay_pentomino_u2
D:2:      layout_loops_cross
D:3:      layout_basic, serial_shops, shop, kennysheep_generic_room_11

Skill      XL: |  1  2  3  4 |
---------------+-------------+-----
Maces & Flails | 2 3 |  3.9
Stealth        | 2 |  2.2
Fighting       | 4 |  4.3
Axes           | |  4.8
Dodging        | |  2.8

Action                   |  1- 3 |  4- 6 || total
-------------------------+-------+-------++-------
Melee: Hand axe          |    65 |       ||    65
       Flail             |    46 |   104 ||   150
Invok: Convert to Beogh  |       |     1 ||     1
  Use: Potion            |       |     1 ||     1
 Stab: Sleeping          |     5 |     1 ||     6
       Distracted        |       |     1 ||     1
Armor: Robe              |    39 |    46 ||    85
       Chain mail        |       |    34 ||    34
Dodge: Dodged            |    65 |    48 ||   113
